 Dungeon Crawl Stone Soup version 0.29-a0-557-g43b9904bd1 (webtiles) character file.

Game seed: 8985647448864272219

152 ICEMaiden the Magician (level 5, -3/25 HPs)
             Began as a Spriggan Hedge Wizard on May 5, 2022.
             Was an Initiate of Vehumet.
             Slain by a gnoll
             ... wielding a +0 whip
             ... led by a gnoll shaman
              (7 damage)
             ... on level 5 of the Dungeon on June 8, 2022.
             The game lasted 00:17:44 (4275 turns).

ICEMaiden the Magician (Spriggan Hedge Wizard)      Turns: 4275, Time: 00:17:45

Health: -3/25      AC:  2    Str:  6    XL:     5   Next: 11%
Magic:  12/12      EV: 18    Int: 17    God:    Vehumet [......]
Gold:   137        SH:  0    Dex: 15    Spells: 1/12 levels left

rFire   . . .      SeeInvis +   a - +2 dagger (elec)
rCold   . . .      Faith    .   (no shield)
rNeg    . . .      Spirit   .   t - +0 robe
rPois   .          Reflect  .   c - +0 hat
rElec   .          Harm     .   h - scarf {+Inv}
rCorr   .          Rampage  .   (gloves unavailable)
Will    .....                   (boots unavailable)
Stlth   ++........              (no amulet)
HPRegen 0.08/turn               (no ring)
MPRegen 0.13/turn               (no ring)

@: very quick
A: very small, no large weapons, unfitting armour, see invisible, speed 3
a: Renounce Religion, Evoke Invisibility


You were on level 5 of the Dungeon.
You worshipped Vehumet.
Vehumet was noncommittal.
You visited 1 branch of the dungeon, and saw 7 of its levels.

You collected 137 gold pieces.

Inventory:

Hand Weapons
 a - a +2 dagger of electrocution (weapon)
Missiles
 j - 23 poisoned darts (quivered)
Armour
 c - a +0 hat (worn)
 h - a scarf of invisibility (worn)
 t - a +0 robe (worn)
 A - a scarf of repulsion
Magical Staves
 b - a staff of air
Scrolls
 e - a scroll of immolation {unknown}
 g - a scroll of fog {unknown}
 k - a scroll of teleportation {unknown}
 l - a scroll of enchant weapon {unknown}
 o - a scroll of torment {unknown}
 p - a scroll of poison {unknown}
 s - 2 scrolls of fear {unknown}
 v - a scroll of identify {unknown}
 y - a scroll of blinking {unknown}
 z - a scroll of magic mapping {unknown}
Potions
 d - a potion of magic
 f - a potion of attraction {unknown}
 i - a potion of brilliance {unknown}
 m - a potion of lignification {unknown}
 n - 2 potions of flight {unknown}
 q - 2 potions of might {unknown}
 r - 2 potions of curing {unknown}
 u - a potion of haste {unknown}
 w - 2 potions of mutation {unknown}
 x - a potion of degeneration {unknown}


   Skills:
 * Level 1.4 Fighting
 + Level 1.1 Short Blades
 - Level 0.2 Staves
 * Level 4.0 Dodging
 + Level 3.1 Stealth
 + Level 4.4 Spellcasting
 + Level 1.2 Conjurations
 + Level 1.3 Summonings
 + Level 2.7 Translocations
 + Level 0.2 Fire Magic
 * Level 0.3 Air Magic
 + Level 0.1 Poison Magic
 - Level 0.1 Evocations


You had one spell level left.
You knew the following spells:

 Your Spells              Type           Power      Damage    Failure   Level
a - Magic Dart            Conj           28%        1d4       9%          1
c - Mephitic Cloud        Conj/Pois/Air  5%         N/A       36%         3
q - Call Imp              Summ           8%         N/A       13%         2
x - Conjure Flame         Conj/Fire      6%         6-21      32%         3
z - Blink                 Tloc           24%        N/A       8%          2

Your spell library contained the following spells:

 Spells                   Type           Power      Damage    Failure   Level
 Apportation              Tloc           24%        N/A       4%          1
 Slow                     Hex            12%        N/A       16%         1
 Corpse Rot               Necr/Pois/Air  4%         N/A       80%         4
 Summon Forest            Summ/Tloc      5%         N/A       88%         5
 Chain Lightning          Conj/Air       3%         3d4       100%        9


Dungeon Overview and Level Annotations

Branches:
Dungeon (7/15)
 Temple: D:4-7

Altars:
Ashenzari
Dithmenos
Elyvilon
Gozag
Makhleb
Okawaru
Qazlal
Trog
Vehumet

Shops:
D:1 =

Annotations:
D:6 exclusion: water moccasin, Menkaure, Prince Ribbit


Innate Abilities, Weirdness & Mutations

You are very small and have problems with some larger weapons.
You are too small for most types of armour.
You have supernaturally acute eyesight. (SInv)
You cover ground extremely quickly. (Speed+++)


Message History

There's nothing to close nearby.
You close the door.
You start resting.
HP restored.
As you open the door, it creaks loudly!
There is an open door here.
You close the door.
Found 14 gold pieces.
A gnoll comes into view. It is wielding a +0 flail.
You open the door.
There is an open door here.
As you close the door, it creaks loudly!
You open the door.
Found a stone staircase leading up.
There is an open door here.
You close the door.
A centaur comes into view.
An iguana comes into view.
The centaur shouts!
The iguana hisses angrily.
You hear a shout!
The centaur wields a +0 shortbow.
The centaur shoots an arrow.
The arrow hits you!
There is a stone staircase leading up here.
The centaur shoots an arrow.
The arrow hits you!
* * * LOW HITPOINT WARNING * * *
The wyvern hisses angrily.
You climb upwards.
Found four items.
Found a stone staircase leading up.
There is a stone staircase leading down here.
Okay, then.
An orc and an orc wizard come into view.
Found a green potion.
The orc shouts!
The orc wizard shouts!
The orc shouts! x2
The gnoll shaman shouts!
The gnoll misses you. The gnoll shaman closely misses you.
An orc comes into view. It is wielding a +0 whip.
The orc shouts!
The orc moves out of view.
There is a stone staircase leading up here.
The gnoll hits you with a +0 whip!
You die...

### o.# #o.###
## o)..## ..
....# #. #o#.#
#. #o#.#
#.##gg.##
#..@gg..######
#####)>......#
##..(###.#
##..# #.# .#
.? !.. #.#


You could see a gnoll shaman, 3 gnolls and 2 orcs.

Vanquished Creatures
  An orc wizard (D:3)
  4 adders (D:2)
  A shadow imp (D:6)
  2 dart slugs
  4 orcs (D:3)
  A bat (D:1)
  6 endoplasms
  5 giant cockroaches
  5 goblins
  7 hobgoblins
  11 jackals
  7 kobolds
  2 quokkas
  5 ball pythons
  3 frilled lizards
  4 rats
68 creatures vanquished.

Notes
Turn   | Place    | Note
-------+----------+-------------------------------------------
     0 | D:1      | ICEMaiden the Spriggan Hedge Wizard began the quest for the
                  | Orb.
     0 | D:1      | Reached XP level 1. HP: 9/9 MP: 6/6
   224 | D:1      | Reached XP level 2. HP: 14/14 MP: 4/8
   686 | D:1      | Reached skill level 1 in Summonings
   912 | D:1      | Found Xest's Jewellery Shoppe.
  1403 | D:2      | Reached skill level 1 in Fighting
  1403 | D:2      | Reached skill level 1 in Conjurations
  1403 | D:2      | Reached XP level 3. HP: 18/18 MP: 9/9
  2406 | D:2      | Reached skill level 1 in Short Blades
  2406 | D:2      | Reached XP level 4. HP: 20/22 MP: 4/11
  2817 | D:3      | Got the Guide on the Cloudy Traveller
  2818 | D:3      | Upgraded the game from 0.29-a0-378-gc08b2e8bf8 to
                  | 0.29-a0-557-g43b9904bd1
  2821 | D:3      | Learned a level 2 spell: Blink
  2824 | D:3      | Learned a level 2 spell: Call Imp
  2828 | D:3      | Learned a level 3 spell: Conjure Flame
  2832 | D:3      | Learned a level 3 spell: Mephitic Cloud
  2858 | D:3      | Found a radiant altar of Vehumet.
  2886 | D:3      | Became a worshipper of Vehumet
  3513 | D:3      | Found a shadowy altar of Dithmenos.
  3516 | D:3      | Found an opulent altar of Gozag.
  3521 | D:3      | Found a broken altar of Ashenzari.
  3522 | D:3      | Found a bloodstained altar of Trog.
  3522 | D:3      | Found an iron altar of Okawaru.
  3522 | D:3      | Found a white marble altar of Elyvilon.
  3525 | D:3      | Found a stormy altar of Qazlal.
  3526 | D:3      | Found a burning altar of Makhleb.
  3746 | D:3      | Reached XP level 5. HP: 25/25 MP: 12/12
  3981 | D:4      | You fall into a shaft and drop 2 floors!
  3982 | D:6      | Noticed a water moccasin
  3989 | D:6      | Noticed Prince Ribbit
  4188 | D:6      | Noticed Menkaure
  4266 | D:6      | Noticed a centaur
  4269 | D:6      | Noticed a wyvern
  4270 | D:5      | Entered Level 5 of the Dungeon
  4275 | D:5      | Slain by a gnoll

Illustrated notes

Levels and vault maps discovered:
D:1:      spicycebolla_arrival_xxxplode, layout_basic, serial_shops, shop,
          st_stairs_5
D:2:      layout_basic, roderic_roman_lattice
D:3:      layout_basic, vehumet_crystals, minitemple
D:4:      layout_loops_ring, minmay_temple_entry_poolview,
          hangedman_decor_diamond_cutter, serial_bayou_pond_c
D:5:      layout_rooms
D:6:      layout_basic, mainiacjoe_overflow_cross_hatched, uniq_edmund,
          uniq_prince_ribbit1, uniq_menkaure
D:7:      layout_cave_pools, nicolae_shop_fire_sale [nicolae_sub_dead_trees],
          uniq_maggie, uniq_pikel

Skill      XL: |  1  2  3  4 |
---------------+-------------+-----
Dodging        | 3 4 |  4.0
Summonings     | 1 |  1.3
Translocations | 2 |  2.7
Fighting       | 1 |  1.4
Conjurations   | 1 |  1.2
Short Blades   | 1 |  1.1
Staves         | |  0.2
Stealth        | |  3.1
Spellcasting   | |  4.4
Fire Magic     | |  0.2
Air Magic      | |  0.3
Poison Magic   | |  0.1
Evocations     | |  0.1

Action                   |  1- 3 |  4- 6 || total
-------------------------+-------+-------++-------
Melee: Dagger            |    79 |    47 ||   126
Throw: Dart              |     4 |    18 ||    22
 Cast: Magic Dart        |    80 |    18 ||    98
       Call Imp          |       |     2 ||     2
 Stab: Sleeping          |     6 |    13 ||    19
Armor: Robe              |    22 |     2 ||    24
Dodge: Dodged            |    82 |    34 ||   116

Table legend: (Time is in decaauts)
 A = Elapsed time spent in this place.
 B = Non-inter-level travel time spent in this place.
 C = Inter-level travel time spent in this place.
 D = Time resting spent in this place.
 E = Time spent auto-exploring this place.
 F = Levels seen in this place.
 G = Mean time per level.
                   A        B        C        D        E       F      G
               +--------+--------+--------+--------+--------+-----+--------+
         Total |   3172 |   3126 |     46 |    675 |   1715 |   7 |  453.1 |
       Dungeon |   3172 |   3126 |     46 |    675 |   1715 |   7 |  453.1 |
               +--------+--------+--------+--------+--------+-----+--------+

Top non-repeatable levels by time:
     D:2: 1091 daAuts
     D:1: 1021 daAuts
     D:3: 723 daAuts
     D:6: 237 daAuts
     D:4: 93 daAuts
     D:5: 3 daAuts
     D:7: 1 daAuts
